 Dungeon Crawl Stone Soup version 0.31.0-32-g396128a36d (webtiles) character file.

Game seed: 1148974951365395795

1227096 Draxdynew the Worldbinder (level 27, 226/226 (227) HPs)
             Began as a Barachi Delver on Mar 28, 2024.
             Was an Initiate of Gozag.
             Escaped with the Orb
             ... and 3 runes on Apr 10, 2024!
             The game lasted 1 day 00:37:38 (154281 turns).

Draxdynew the Worldbinder (Barachi Delver)    Turns: 154281, Time: 1 , 00:37:38

HP:   226/226 (227) AC: 18    Str: 19 (21) XL:     27
MP:   47/47         EV: 16    Int: 24      God:    Gozag
Gold: 8165          SH: 21    Dex: 17 (19) Spells: 0/66 levels left

rFire   + . .        b - +9 dagger (speed)
rCold   + + .        l - +2 kite shield
rNeg    + + .        o - +4 skin of Zhor {*Englaciate rC+++ SInv}
rPois   +            D - +1 hat of the Butterfly {rPois rN+ Regen+ Dex+2}
rElec   +            H - +2 cloak {Will+}
rCorr   +            z - +2 pair of gloves {Stlth+}
SInv    +            v - +1 pair of boots {Stlth+}
Will    ++++.        d - amulet of reflection
Stlth   ++++         M - ring of Esidolaku {+Blink rN+ rCorr Int+2 Slay+2}
HPRegen 1.37/turn    T - ring "Veihasi" {rElec rF+ Will+ Str+6 Dex+2}
MPRegen 0.30/turn

%: reflection
@: lightly drained, slow
A: amphibious, slowness 1, strong legs 2, +LOS, iridescent scales 1, camouflage
1, deformed body, robust 1, cold vulnerability 1, subdued magic 1, persistent
drain
0: Orb of Zot
}: 3/15 runes: decaying, serpentine, silver
a: Hop, Renounce Religion, Evoke Blink, Potion Petition, Call Merchant, Bribe
Branch


You escaped.
You worshipped Gozag.
Gozag was greatly pleased with you.
You visited 13 branches of the dungeon, and saw 51 of its levels.
You visited 1 bazaar.
You also visited: Ossuary, Gauntlet and Ice Cave.

You collected 30607 gold pieces.
You spent 10353 gold pieces at shops.
You paid 12089 gold pieces to Gozag.

Inventory:

Hand Weapons
 a - the +7 dagger of Dismemberment {heavy, +Blink Int+3 Dex+6}
   (You took it off a vault sentinel on level 5 of the Vaults)

   Int+3:     It affects your intelligence (+3).
   Dex+6:     It affects your dexterity (+6).
   +Blink:    It lets you blink.
 b - a +9 dagger of speed (weapon)
 c - the +0 mace "Etex Jeh" {flame, rC++ rN+ Will+}
   (You took it off a deep elf zephyrmancer on level 3 of the Elven Halls)

   rC++:      It greatly protects you from cold.
   rN+:       It protects you from negative energy.
   Will+:     It increases your willpower.
Missiles
 r - 14 curare-tipped darts
 s - a throwing net {!f}
 x - 72 poisoned darts (quivered)
 A - 18 silver javelins
Armour
 l - a +2 kite shield (worn)
 o - the +4 skin of Zhor (worn) {*Englaciate rC+++ SInv}
   (You bought it in a shop on level 10 of the Dungeon)

   *Englaciate: It radiates cold, occasionally slowing all nearby creatures who
   are not resistant to cold.
   rC+++:     It renders you almost immune to cold.
   SInv:      It lets you see invisible.
 v - a +1 pair of boots of stealth (worn)
 z - a +2 pair of gloves of stealth (worn)
 D - the +1 hat of the Butterfly (worn) {rPois rN+ Regen+ Dex+2}
   (You bought it in a shop on level 2 of the Orcish Mines)

   Dex+2:     It affects your dexterity (+2).
   rPois:     It protects you from poison rN+: It protects you from negative
   energy.
   Regen+:    It increases your rate of health regeneration.
 H - a +2 cloak of willpower (worn)
 Y - the +2 hood of the Assassin {Detect Stab+ Stlth++}
   (You found it on level 3 of the Elven Halls)

   Detect:    It allows the wearer to sense nearby creatures.
   Stab+:     It allows the wearer to make particularly effective stabbing
   attacks against helpless or unaware enemies with any weapon.
   Stlth++:   It makes you much more stealthy.
Magical Staves
 f - a staff of fire
Jewellery
 d - an amulet of reflection (around neck)
 w - the ring "Geime" {^Contam rF++ Will+ Str+3 Int+3}
   (You bought it in a shop on level 14 of the Dungeon)

   [ring of willpower]

   Str+3:     It affects your strength (+3).
   Int+3:     It affects your intelligence (+3).
   rF++:      It greatly protects you from fire.
   Will+:     It increases your willpower.
   ^Contam:   It causes magical contamination when unequipped.
 M - the ring of Esidolaku (left hand) {+Blink rN+ rCorr Int+2 Slay+2}
   (You took it off a vault sentinel on level 5 of the Vaults)

   [ring of resist corrosion]

   Int+2:     It affects your intelligence (+2).
   Slay+2:    It affects your accuracy & damage with ranged weapons and melee
   (+2).
   rN+:       It protects you from negative energy.
   +Blink:    It lets you blink.
   rCorr:     It protects you from acid and corrosion.
 N - a ring of protection from fire
 S - the ring of Shadows {Umbra +Inv Stlth+}
   (You found it in a Gauntlet)

   [ring of stealth]

   Umbra:     It surrounds you with an aura of shadow, increasing your stealth
   and reducing the accuracy of all others within it.
   +Inv:      It lets you turn invisible.
   Stlth+:    It makes you more stealthy.
 T - the ring "Veihasi" (right hand) {rElec rF+ Will+ Str+6 Dex+2}
   (You found it on level 3 of the Snake Pit)

   [ring of strength]

   Str+6:     It affects your strength (+6).
   Dex+2:     It affects your dexterity (+2).
   rF+:       It protects you from fire.
   rElec:     It insulates you from electricity.
   Will+:     It increases your willpower.
 W - the ring "Juse" {Will++ MP+9}
   (You found it on level 4 of the Realm of Zot)

   [ring of magical power]

   Will++:    It greatly increases your willpower.
   MP+9:      It affects your magic capacity (+9).
 Z - a ring of wizardry
Wands
 g - a wand of digging (14)
 h - a wand of charming (52)
 y - a wand of acid (16)
 B - a wand of roots (64)
Scrolls
 e - 2 scrolls of butterflies {!r}
 i - 9 scrolls of fear {!r}
 k - 6 scrolls of vulnerability {!r}
 C - 3 scrolls of silence {!r}
 I - 3 scrolls of revelation {!r}
 K - 6 scrolls of blinking {!r}
 P - 5 scrolls of fog {!r}
 R - 9 scrolls of immolation {!r}
 V - 15 scrolls of teleportation {!r}
Potions
 j - 8 potions of heal wounds {!q}
 m - 5 potions of resistance {!q}
 n - 17 potions of curing {!q}
 q - 3 potions of haste {!q}
 t - a potion of mutation {!q}
 E - 10 potions of brilliance {!q}
 F - 2 potions of ambrosia {!q}
 J - 6 potions of enlightenment {!q}
 Q - 5 potions of magic {!q}
 U - 6 potions of cancellation {!q}
 X - 4 potions of invisibility {!q}
Miscellaneous
 p - a phantom mirror
 u - a condenser vane
 G - a box of beasts
 L - a phial of floods
 O - a lightning rod (4/4)


   Skills:
 - Level 15.0 Fighting
 - Level 15.9(16.0) Short Blades
 - Level 9.0 Armour
 - Level 8.0 Dodging
 - Level 17.0 Stealth
 - Level 15.0 Shields
 - Level 20.0 Spellcasting
 - Level 5.0 Conjurations
 - Level 22.0 Hexes
 + Level 26.7 Summonings
 - Level 12.0 Necromancy
 - Level 7.0 Translocations
 - Level 10.0 Ice Magic
 - Level 6.0 Air Magic
 - Level 4.0 Earth Magic
 - Level 2.0 Alchemy
 - Level 10.0 Evocations


You couldn't memorise any spells.
You knew the following spells:

 Your Spells              Type           Power      Damage    Failure   Level
b - Sublimation of Blood  Necr           58%        N/A       0%          2
d - Sigil of Binding      Hex            79%        N/A       0%          3
f - Cause Fear            Hex            39%        N/A       0%          4
g - Passage of Golubria   Tloc           44%        N/A       1%          4
h - Haunt                 Necr/Summ      37%        N/A       1%          7
m - Mephitic Cloud        Conj/Alch/Air  34%        N/A       1%          3
n - Enfeeble              Hex            39%        N/A       1%          7
o - Ozocubu's Armour      Ice            53%        N/A       1%          3
p - Passwall              Erth           33%        N/A       1%          3
w - Swiftness             Air            40%        N/A       1%          3
y - Yara's Violent Unrav  Hex/Alch       29%        3d12      1%          5
z - Summon Mana Viper     Hex/Summ       83%        N/A       0%          5
C - Dragon's Call         Summ           43%        N/A       4%          9
D - Discord               Hex            39%        N/A       1%          8

Your spell library contained the following spells:

 Spells                   Type           Power      Damage    Failure   Level
 Slow                     Hex            100%       N/A       0%          1
 Summon Small Mammal      Summ           100%       N/A       0%          1
 Ensorcelled Hibernation  Hex/Ice        100%       N/A       0%          2
 Jinxbite                 Hex            100%       N/A       0%          2
 Call Canine Familiar     Summ           87%        N/A       0%          3
 Confusing Touch          Hex            79%        N/A       0%          3
 Summon Ice Beast         Ice/Summ       72%        N/A       0%          3
 Tukima's Dance           Hex            79%        N/A       0%          3
 Anguish                  Hex/Necr       34%        N/A       0%          4
 Summon Cactus Giant      Summ           43%        N/A       0%          6
 Freeze                   Ice            100%       1d10      1%          1
 Magic Dart               Conj           100%       1d8       1%          1
 Sandblast                Erth           66%        2d15      1%          1
 Shock                    Conj/Air       100%       1d9       1%          1
 Sting                    Conj/Alch      100%       1d9       1%          1
 Lesser Beckoning         Tloc           88%        N/A       1%          2
 Mercury Vapours          Alch/Air       66%        N/A       1%          2
 Searing Ray              Conj           72%        2d7       1%          2
 Frozen Ramparts          Ice            100%       1d16      1%          3
 Fugue of the Fallen      Necr           58%        N/A       1%          3
 Gell's Gravitas          Tloc           44%        N/A       1%          3
 Hailstorm                Conj/Ice       46%        3d10      1%          3
 Inner Flame              Hex/Fire       56%        N/A       1%          3
 Stone Arrow              Conj/Erth      70%        3d11      1%          3
 Teleport Other           Tloc           44%        N/A       1%          3
 Vampiric Draining        Necr           58%        2d10      1%          3
 Airstrike                Air            20%        2d(3-19)  1%          4
 Animate Armour           Summ/Erth      100%       N/A       1%          4
 Summon Blazeheart Golem  Fire/Summ      61%        N/A       1%          4
 Summon Lightning Spire   Summ/Air       68%        N/A       1%          4
 Metabolic Englaciation   Hex/Ice        33%        N/A       1%          5
 Silence                  Hex/Air        31%        N/A       1%          5
 Summon Forest            Summ/Tloc      34%        N/A       1%          5
 Monstrous Menagerie      Summ           43%        N/A       1%          7
 Borgnjor's Vile Clutch   Necr/Erth      24%        N/A       2%          5
 Spellforged Servitor     Conj/Summ      33%        N/A       2%          7
 Brom's Barrelling Bould  Conj/Erth      35%        2d5       3%          4
 Freezing Cloud           Conj/Ice/Air   22%        6-21      3%          5
 Fulminant Prism          Conj/Alch      15%        3d10      5%          4
 Leda's Liquefaction      Alch/Erth      14%        N/A       7%          4
 Petrify                  Alch/Erth      29%        N/A       7%          4
 Iskenderun's Battlesphe  Conj           36%        2d9       9%          5
 Olgreb's Toxic Radiance  Alch           25%        N/A       11%         4
 Lee's Rapid Deconstruct  Erth           16%        3d10*     13%         5
 Ignite Poison            Fire/Alch      22%        N/A       17%         4
 Sticky Flame             Fire/Alch      22%        2d6       17%         4
 Irradiate                Conj/Alch      15%        3d16      17%         5
 Fireball                 Conj/Fire      13%        3d7       26%         5
 Alistair's Intoxication  Alch           16%        N/A       32%         5
 Sculpt Simulacrum        Ice/Alch       20%        N/A       32%         6
 Ozocubu's Refrigeration  Ice            26%        4d13      34%         7
 Conjure Ball Lightning   Conj/Air       19%        3x3d6     38%         6
 Infestation              Necr           29%        N/A       78%         8
 Eringya's Noxious Bog    Alch           12%        4d6       88%         6
 Orb of Destruction       Conj           18%        9d8       96%         7
 Ignition                 Fire           9%         3d5       100%        8
 Lehudib's Crystal Spear  Conj/Erth      17%        10d5      100%        8
 Chain Lightning          Conj/Air       19%        3d25      100%        9
 Fire Storm               Conj/Fire      13%        8d4       100%        9
 Shatter                  Erth           16%        3d16*     100%        9
 Animate Dead             Necr           Unusable   N/A       N/A         4

Dungeon Overview and Level Annotations

Branches:
Dungeon (15/15)            Temple (1/1) D:6            Lair (5/5) D:11
  Swamp (4/4) Lair:2        Snake (4/4) Lair:2        Slime (1/5) Lair:5
    Orc (2/2) D:10            Elf (3/3) Orc:2        Vaults (5/5) D:14
  Crypt (1/3) Vaults:2     Depths (4/4) D:15           Hell (visited)
    Zot (5/5) Depths:4    Ossuary (visited)           IceCv (visited)
Gauntlet (visited)
    Dis: Hell:1         Geh: Hell:1         Coc: Hell:1         Tar: Hell:1

Altars:
Ashenzari
Cheibriados
Dithmenos
Elyvilon
Fedhas
Gozag
Hepliaklqana
Kikubaaqudgha
Makhleb
Nemelex Xobeh
Okawaru
Qazlal
Ru
Sif Muna
Trog
Uskayaw
Vehumet
Wu Jian
Xom
Yredelemnul
Zin
The Shining One
Lugonu

Shops:
D:1 ?   D:3 [   D:10 ?[*   D:11 ?   D:13 :   D:14 =[   D:15 (*[=   Orc:2 [[![
Elf:1 (   Elf:3 =   Lair:2 =   Snake:2 [:   Vaults:1 *   Depths:3 :

Portals:
Hell: Depths:1 Depths:2 Depths:3 Depths:4
Abyss: Lair:5 Depths:3
Pandemonium: Depths:2 Depths:3
Ziggurat: Depths:3

Annotations:
Lair:1 exclusion: downstairs
Orc:1 exclusion: downstairs
Elf:1 exclusion: downstairs
Elf:2 1 runed translucent door, exclusion: downstairs
Depths:2 exclusion: downstairs
Zot:3 exclusion: downstairs
Zot:4 exclusion: 2 downstairs
Zot:5 2 transporters


Innate Abilities, Weirdness & Mutations

You are amphibious.
You cover ground slowly.
You can hop long distances.
You have an extended range of vision and can be seen from far away.
You are partially covered in iridescent scales. (AC +2)
Your skin changes colour to match your surroundings (Stealth+).
Armour fits poorly on your strangely shaped body.
You are robust. (+10% HP)
You are vulnerable to cold. (rC-)
Your spells are a little easier to cast, but a little less powerful.
Your health recovers twice as slowly from being drained.


Message History

The small abomination blinks into view!
You climb upwards.
There is a stone staircase leading down here.
A chaos spawn comes into view.
You feel yourself speed up.
You radiate an aura of cold.
The chaos spawn seems to slow down.
You radiate an aura of cold.
The chaos spawn seems to slow down.
There is an open door here.
Unknown command.
Your extra speed is starting to run out.
You feel yourself slow down.
A reaper comes into view. It is wielding a +4 scythe of freezing.
The reaper hits you with a +4 scythe of freezing!
The reaper freezes you.
Casting: Enfeeble (mildly dangerous; 1% risk of failure)
Confirm with . or Enter, or press ? or * to list all spells.
Aiming: Enfeeble (mildly dangerous; 1% risk of failure)
Press: ? - help, Shift-Dir - straight line, f - reaper
Aim: a reaper, wielding a +4 scythe of freezing (will inflict weakness, chance to daze and blind: 64%)
The reaper is enfeebled!
You block the reaper's attack.
You hit the reaper.
The reaper is lightly wounded.
You closely miss the reaper.
The reaper is lightly wounded.
You puncture the reaper!
The reaper is lightly wounded.
You radiate an aura of cold.
The reaper is unaffected.
The reaper misses you.
You catch the helpless reaper completely off-guard!
You perforate the reaper like a sieve!!!
The reaper is severely wounded.
You strike the helpless reaper from behind!
You perforate the reaper like a sieve!!!
You kill the reaper!
You now have 8165 gold pieces (gained 4).
You see here a +4 scythe of freezing.
There is an open door here.
There is an open door here.
There is a staircase leading out of the dungeon here.
You have escaped!

#.##.## ##...#..P#P..#...#~..#
#.#### ##..#...#...#~..#...#
#.# ##.##'###'###'###'## #.#
###..............P# #.#
#.'.......##......# #.#####
###.#..............≈#
#..##.#####...##'###'###'###'##
##.#.#........#...#..P#...#...#
#.)###.###...#.@.#...#...#P..#
##.## ##.##.#.#################
#.## ##.#.##.###.###.# ##.##
##.##............#
##.###.################ ##.#.##
##.## ###


There were no monsters in sight!

Vanquished Creatures
  3 dread liches (Zot:5)
  An ancient lich (Vaults:5)
  An orb of fire (Zot:1)
  The ghost of Foery the Slayer, a veteran MiMo of Yredelemnul (Zot:4)
  The ghost of Netemen the Sluggish Gnoll, a master GnFi of Cheibriados (Zot:4)
  Boris (Depths:3)
  5 Killer Klowns
  The ghost of DizzySkin the Executioner, a veteran MiBe of Trog (Vaults:3)
  Geryon (Hell)
  4 caustic shrikes
  15 golden dragons
  2 bone dragons (Zot:2)
  3 doom hounds
  2 electric golems
  Zenata (Vaults:2)
  10 tentacled monstrosities
  Rupert (Orc:2)
  An Ice Fiend (IceCv)
  9 Orb Guardians
  A walking earthen tome (Depths:3)
  8 quicksilver dragons
  Grunn (Depths:4)
  3 deep elf master archers (Elf:3)
  3 liches
  A titan (Vaults:5)
  A searing wretch (Depths:4)
  3 deep elf blademasters
  4 sphinxes
  6 death cobs
  Frances (Snake:1)
  11 shadow dragons
  5 tengu reavers
  Agnes (Snake:3)
  19 storm dragons
  Kirke (Orc:2)
  A nagaraja (Snake:4)
  3 fire giants
  3 rockslimes
  2 protean progenitors (Zot:3)
  A draconian shifter (Zot:2)
  11 frost giants
  6 deep elf sorcerers (Elf:3)
  2 iron dragons
  11 draconian monks
  5 draconian knights
  14 vault wardens
  2 draconian scorchers (Zot:4)
  2 ghost moths
  The ghost of Icun the Thaumaturge, a journeyman GnWr of Okawaru (Snake:1)
  A deep elf elementalist (Elf:3)
  2 spriggan defenders (Depths:3)
  Louise (Swamp:1)
  An orc warlord (Vaults:1)
  A ghoul (Vaults:2)
  20 ironbound preservers
  11 stone giants
  2 draconian stormcallers
  5 formless jellyfish
  A reaper (D:1)
  A draconian annihilator (Zot:2)
  11 very ugly things
  7 ironbound thunderhulks
  3 deep elf demonologists
  A minotaur (Gauntlet)
  14 green draconians
  A vampire knight (Depths:4)
  4 eleionomae
  8 black draconians
  8 red draconians
  10 white draconians
  5 yellow draconians
  3 deep elf death magi
  4 deep elf annihilators (Elf:3)
  12 purple draconians
  Azrael (Snake:1)
  A bunyip (Swamp:4)
  2 spark wasps (Depths:3)
  3 war gargoyles
  3 dire elephants (Vaults:2)
  A merfolk javelineer (Depths:2)
  7 ettins
  2 shambling mangroves
  An entropy weaver (Vaults:3)
  A deep elf high priest (Elf:3)
  9 fire dragons
  7 great orbs of eyes
  6 ice dragons
  15 hydras
  A rakshasa (Depths:2)
  17 yaktaur captains
  2 ghost crabs (Swamp:3)
  A peacekeeper (Vaults:4)
  4 salamander tyrants
  12 vault guards
  Erica (D:11)
  6 alligators
  4 ironbound frosthearts
  9 spriggan air magi
  4 centaur warriors
  8 anacondas
  3 ogre magi
  8 dancing weapons
  4 tengu warriors
  4 two-headed ogres
  4 deep troll shamans
  A demonic crawler (Depths:3)
  A thrashing horror (Lair:5)
  5 boulder beetles
  2 deep troll earth magi (D:15)
  8 naga sharpshooters
  6 naga warriors
  Urug (D:10)
  2 hell knights (Vaults:5)
  4 spriggan berserkers
  A death yak (Lair:4)
  7 spriggans
  6 shock serpents
  3 orc high priests
  An occultist (Depths:1)
  A soul eater (Depths:4)
  3 skysharks
  A fire crab (shapeshifter) (Vaults:5)
  9 deep elf knights
  6 salamander mystics
  A sun demon (Depths:4)
  4 iron trolls
  3 goliath frogs
  3 sea snakes (Snake:3)
  41 deep trolls
  5 spriggan druids
  2 flayed ghosts
  2 death drakes (Depths:4)
  6 deep elf archers
  5 glowing orange brains
  6 mana vipers
  An obsidian statue (IceCv)
  4 naga ritualists
  7 arcanists
  A shock serpent (shapeshifter) (Vaults:5)
  A spriggan simulacrum (IceCv)
  9 swamp dragons
  12 ironbound convokers
  10 deep elf pyromancers
  A harpy (Vaults:1)
  3 orc knights (Vaults:1)
  8 lindwurms
  3 necromancers
  10 bog bodies
  A wolf spider (shapeshifter) (Vaults:5)
  7 phantasmal warriors
  A shining eye (shapeshifter) (Depths:2)
  18 ugly things
  A harpy (shapeshifter) (Elf:3)
  13 salamanders
  A manticore (D:15)
  An orc sorcerer (Elf:1)
  A large abomination (Lair:5)
  A wolf spider (D:15)
  28 moths of wrath
  12 deep elf zephyrmancers
  4 cyclopes
  22 elephants
  A kobold blastminer (Orc:1)
  19 vault sentinels
  8 naga magi
  2 guardian serpents (Snake:4)
  33 black mambas
  12 cane toads
  A smoke demon (Lair:5)
  An unseen horror (D:10)
  2 torpor snails (Lair:4)
  A gargoyle (D:14)
  7 freezing wraiths
  29 yaktaurs
  5 rime drakes
  3 ice devils
  3 tengu conjurers
  An efreet (D:13)
  9 komodo dragons
  A troll (Orc:2)
  2 polar bears
  8 tyrant leeches
  13 hornets
  2 raiju (Lair:5)
  A raiju (shapeshifter) (Lair:5)
  6 dream sheep
  27 blink frogs
  2 glass eyes (Depths:3)
  31 slime creatures
  A jumping spider (Vaults:3)
  4 shadows
  26 yaks
  A ynoxinul (Lair:4)
  2 small abominations (Lair:5)
  6 water elementals
  An air elemental (Elf:2)
  A dire elephant simulacrum (IceCv)
  10 basilisks
  4 wyverns
  A hog (Elf:1)
  A steam dragon (Lair:2)
  3 redbacks
  14 vampire mosquitoes
  A warg (Orc:1)
  2 minotaur simulacra (IceCv)
  12 swamp worms
  2 acid dragons
  13 water moccasins
  4 hell hounds (Snake:1)
  10 swamp drakes
  23 nagas
  16 orc warriors
  A black bear (Lair:2)
  An ice beast (D:7)
  3 ettin simulacra (IceCv)
  7 ogres
  12 wolves
  A boggart (shapeshifter) (Lair:5)
  6 centaurs
  4 nameless horrors
  3 deep troll simulacra (IceCv)
  3 scorpions
  12 bullfrogs
  A gnoll sergeant (D:10)
  4 earth elementals
  3 wights
  A lindwurm simulacrum (IceCv)
  A troll zombie (D:10)
  4 killer bees
  4 electric eels
  4 howler monkeys
  2 bombardier beetles
  2 hounds
  A jelly (D:4)
  28 orc priests
  3 iguanas
  16 orc wizards
  5 hell rats
  An ogre zombie (D:10)
  Robin (D:3)
  5 adders
  2 gnolls (D:5)
  5 white imps
  2 ufetubi
  A dart slug (D:1)
  35 orcs
  9 bats
  8 endoplasms
  5 giant cockroaches
  3 gnoll zombies
  16 goblins
  8 hobgoblins
  4 jackals (D:1)
  9 kobolds
  4 quokkas
  11 ball pythons
  8 frilled lizards
  2 kobold zombies (Ossuary)
  5 orc zombies (D:10)
  7 rats
1482 creatures vanquished.

Vanquished Creatures (collateral kills)
  3 dread liches
  4 orbs of fire
  6 ancient liches
  The ghost of Onuaffedgh the Hill Orc Barricade, a master HOMo of the Shining One (Zot:4)
  3 Killer Klowns
  2 curse toes (Zot:3)
  Nikola (Snake:3)
  Jory (Depths:3)
  6 golden dragons
  the Enchantress (Depths:3)
  Norris (Elf:1)
  An electric golem (Zot:5)
  11 tentacled monstrosities
  A lich (Depths:3)
  16 Orb Guardians (Zot:5)
  A walking divine tome (Depths:3)
  2 titans (Vaults:5)
  2 quicksilver dragons
  A deep elf master archer (Elf:3)
  A death cob (Zot:3)
  Gastronok (D:12)
  A shadow dragon (Zot:4)
  Roxanne (Snake:1)
  A fenstrider witch (Swamp:1)
  3 nagarajas
  A draconian knight (Zot:5)
  2 storm dragons
  2 draconian monks
  2 draconian scorchers
  2 deep elf sorcerers (Elf:3)
  3 draconian shifters
  A vault warden (Vaults:5)
  A ghost moth (Zot:5)
  2 draconian stormcallers
  3 deep elf elementalists
  4 draconian annihilators
  A reaper (Zot:5)
  4 ironbound preservers
  A spriggan defender (Depths:3)
  A stone giant (Depths:2)
  A formless jellyfish (Lair:5)
  An ironbound thunderhulk (Vaults:3)
  5 green draconians
  2 deep elf death magi
  5 black draconians
  9 deep elf demonologists (Elf:3)
  7 deep elf annihilators
  11 purple draconians
  5 red draconians
  7 white draconians
  4 yellow draconians
  A bunyip (Swamp:2)
  A green death (Depths:2)
  An iron golem (Depths:3)
  A fire dragon (Depths:4)
  27 vault guards
  An entropy weaver (Vaults:4)
  A salamander tyrant (Snake:2)
  An ironbound frostheart (Vaults:3)
  A great orb of eyes (D:15)
  2 centaur warriors
  2 spriggan air magi
  3 hydras
  A catoblepas (Lair:1)
  2 ogre magi
  2 alligators
  23 dancing weapons
  A tengu warrior (Depths:1)
  3 two-headed ogres
  2 orc high priests (Orc:2)
  4 naga warriors
  A deep troll shaman (Depths:2)
  A naga sharpshooter (Snake:2)
  A spriggan berserker (Depths:1)
  A thrashing horror (Lair:5)
  A vampire mage (Vaults:2)
  4 spriggans
  2 salamander mystics (Snake:4)
  3 skysharks
  11 deep elf knights
  2 hell knights (Vaults:5)
  7 deep trolls
  2 goliath frogs
  A spriggan druid (Swamp:3)
  2 arcanists
  2 large abominations (Lair:5)
  4 bog bodies
  A spriggan simulacrum (IceCv)
  A glowing orange brain (Zot:3)
  An orange crystal statue (IceCv)
  2 naga ritualists
  A swamp dragon (Swamp:4)
  A phantasmal warrior (Vaults:2)
  16 deep elf pyromancers
  An orc knight (Orc:1)
  5 deep elf archers
  22 deep elf zephyrmancers
  2 ironbound convokers (Vaults:5)
  3 orc sorcerers (Orc:2)
  4 necromancers
  3 salamanders
  2 will-o-the-wisps
  15 ugly things
  4 moths of wrath
  An oklob plant (Lair:4)
  4 shining eyes
  5 elephants
  A cyclops (D:11)
  A kobold blastminer (Orc:2)
  A guardian serpent (Snake:4)
  3 cane toads (Lair:1)
  3 naga magi (Snake:4)
  2 vault sentinels
  3 black mambas
  A freezing wraith (IceCv)
  An efreet (D:12)
  A komodo dragon (Lair:5)
  8 yaktaurs
  A golden dragon simulacrum (IceCv)
  2 trolls
  A tengu conjurer (Depths:1)
  A tyrant leech (Swamp:1)
  7 hornets
  A blink frog (Lair:5)
  A dream sheep (Lair:5)
  17 slime creatures
  13 yaks
  A wyvern (D:8)
  A shadow (D:10)
  An air elemental (Elf:3)
  2 ynoxinuls
  A human (D:14)
  A wraith (D:12)
  Eustachio (D:5)
  A basilisk (Lair:1)
  3 hogs (Elf:1)
  5 fire elementals
  2 steam dragons
  2 minotaur simulacra (IceCv)
  6 vampire mosquitoes (Swamp:1)
  A warg (Orc:1)
  Edmund (D:5)
  2 chaos spawn (Lair:5)
  14 nagas
  4 swamp worms
  An acid dragon (D:8)
  A two-headed ogre zombie (D:10)
  2 water moccasins (Lair:1)
  A nameless horror (Orc:2)
  3 swamp drakes (Swamp:4)
  2 black bears (D:5)
  7 orc warriors
  5 ogres
  3 centaurs
  5 boggarts (Vaults:2)
  A phantom (D:10)
  4 kobold brigands
  5 bullfrogs
  4 earth elementals
  7 small abominations (Lair:5)
  2 scorpions
  11 wights
  A troll zombie (D:10)
  A lindwurm simulacrum (IceCv)
  5 killer bees
  An electric eel (D:11)
  2 howler monkeys (D:8)
  10 orc priests
  2 hounds
  A jelly (D:6)
  An iguana (D:5)
  Ijyb (D:5)
  16 orc wizards
  4 ogre zombies (D:10)
  8 mummies (Ossuary)
  15 gnolls
  3 white imps
  21 orcs
  A gnoll skeleton (D:10)
  2 gnoll zombies
  2 hobgoblin zombies (Ossuary)
  19 kobolds
  A kobold zombie (Ossuary)
  4 orc skeletons (D:10)
  13 orc zombies
694 creatures vanquished.

Vanquished Creatures (others)
  A tentacled monstrosity (Zot:1)
  A tengu reaver (Vaults:5)
  A draconian monk (Zot:5)
  A draconian knight (Zot:4)
  3 draconian scorchers
  An ironbound preserver (Vaults:4)
  A green draconian (Zot:4)
  A white draconian (Zot:5)
  A fire dragon (Zot:2)
  A vault guard (Vaults:5)
  3 lightning spires (Elf:2)
  A deep elf pyromancer (Elf:2)
  2 deep elf zephyrmancers
  A rime drake (Zot:2)
  2 bloated husks
  A naga (Snake:4)
  A swamp drake (Swamp:4)
  An ogre (D:4)
  A wolf (Lair:2)
  An orc priest (D:4)
  22 foxfires
48 creatures vanquished.

Grand Total: 2224 creatures vanquished

Notes
Turn   | Place    | Note
-------+----------+-------------------------------------------
     0 | D:5      | Draxdynew the Barachi Delver began the quest for the Orb.
     0 | D:5      | Reached XP level 1. HP: 18/18 MP: 1/1
    14 | D:5      | Noticed Edmund
    29 | D:5      | Noticed Eustachio
    30 | D:5      | Noticed an iguana
    35 | D:5      | Noticed Ijyb
    47 | D:4      | Noticed a hound
    73 | D:4      | Noticed an orc priest
    77 | D:4      | Noticed an ogre
   184 | D:3      | Noticed a bombardier beetle
   189 | D:3      | Reached XP level 2. HP: 13/25 MP: 2/2
   824 | D:1      | Reached XP level 3. HP: 24/30 MP: 3/3
   925 | D:1      | Found The Oracle's Delphic Readings.
   933 | D:1      | Bought a scroll of teleportation for 39 gold pieces
  1703 | D:1      | Bought a scroll of teleportation for 39 gold pieces
  1759 | D:2      | Reached skill level 1 in Ice Magic
  1812 | D:2      | Reached XP level 4. HP: 32/37 MP: 4/4
  2427 | D:3      | Learned a level 2 spell: Ensorcelled Hibernation
  2492 | D:3      | Reached skill level 1 in Hexes
  2509 | D:3      | Found Ginyufih's Armour Shop.
  2509 | D:3      | Noticed a scorpion
  3232 | D:4      | Reached XP level 5. HP: 42/42 MP: 5/5
  3795 | D:4      | Reached skill level 2 in Summonings
  3795 | D:4      | Reached XP level 6. HP: 48/48 MP: 1/6
  3799 | D:4      | Learned a level 3 spell: Summon Ice Beast
  3934 | D:4      | Reached skill level 3 in Summonings
  4133 | D:3      | Noticed Robin
  4180 | D:3      | Killed Robin
  4409 | D:3      | Reached skill level 5 in Ice Magic
  4409 | D:3      | Reached skill level 1 in Spellcasting
  4618 | D:5      | Noticed a black bear
  4861 | D:4      | Reached XP level 7. HP: 48/54 MP: 6/10
  5142 | D:5      | Killed Eustachio
  5171 | D:5      | Killed Ijyb
  5281 | D:5      | Reached skill level 5 in Fighting
  5497 | D:5      | Learned a level 3 spell: Hailstorm
  5677 | D:5      | Reached skill level 1 in Conjurations
  5677 | D:5      | Reached XP level 8. HP: 62/62 MP: 11/14
  6437 | D:5      | Killed Edmund
  6598 | D:5      | Reached skill level 5 in Spellcasting
  6748 | D:1      | Bought a scroll of identify for 26 gold pieces
  6748 | D:1      | Bought a scroll of identify for 26 gold pieces
  6940 | D:6      | Identified the +0 robe of Neonn {^Contam rElec Int+6
                  | Stlth+}
  6972 | D:6      | Found a staircase to the Ecumenical Temple.
  6994 | Temple   | Entered the Ecumenical Temple
  7057 | Temple   | Became a worshipper of Gozag Ym Sagoz the Greedy
  7786 | D:6      | Reached skill level 5 in Shields
  7786 | D:6      | Reached XP level 9. HP: 69/69 MP: 12/16
  7853 | D:3      | Bought a +0 tower shield of reflection for 119 gold pieces
  8006 | D:7      | Noticed a hornet
  8375 | D:7      | Found a sand-covered staircase.
  8386 | Ossuary  | Entered an ossuary
  9721 | D:1      | Bought a book of Debilitation for 364 gold pieces
  9723 | D:1      | Learned a level 1 spell: Slow
  9727 | D:1      | Learned a level 3 spell: Sigil of Binding
 10281 | D:7      | Found a sparkling altar of Nemelex Xobeh.
 10736 | D:7      | Killed a hornet
 11047 | D:8      | Reached XP level 10. HP: 76/76 MP: 13/17
 11087 | D:8      | Reached skill level 4 in Summonings
 12612 | D:9      | Reached skill level 10 in Shields
 12955 | D:9      | Noticed a two-headed ogre
 14337 | D:9      | Killed a two-headed ogre
 14338 | D:9      | Reached XP level 11. HP: 81/81 MP: 4/18
 14510 | D:10     | Entered Level 10 of the Dungeon
 15908 | D:10     | Noticed Urug
 16298 | D:10     | Found a staircase to the Orcish Mines.
 17719 | D:11     | Noticed a two-headed ogre
 17745 | Orc:1    | Entered Level 1 of the Orcish Mines
 17902 | D:11     | Found a staircase to the Lair.
 17915 | D:11     | Noticed a two-headed ogre
 17922 | Lair:1   | Entered Level 1 of the Lair of Beasts
 17963 | Lair:1   | Reached skill level 5 in Hexes
 18546 | Lair:1   | Reached skill level 5 in Short Blades
 18725 | D:11     | Noticed a boulder beetle
 18988 | D:11     | Noticed a boulder beetle
 19087 | D:11     | Killed a boulder beetle
 19144 | D:11     | Killed a two-headed ogre
 19181 | D:11     | Noticed Erica
 19285 | D:11     | Killed a boulder beetle
 19420 | D:11     | Noticed a cyclops
 19633 | D:11     | Killed a cyclops
 19634 | D:11     | Reached XP level 12. HP: 87/88 MP: 15/21
 19937 | D:11     | Killed a two-headed ogre
 20457 | D:12     | Noticed a two-headed ogre
 20476 | D:12     | Killed a two-headed ogre
 20559 | D:12     | Noticed Gastronok
 20620 | D:12     | Reached skill level 10 in Short Blades
 21715 | D:1      | Bought a book of Vapours for 338 gold pieces
 21719 | D:1      | Learned a level 3 spell: Confusing Touch
 22082 | D:10     | Killed Urug
 23467 | D:13     | Reached skill level 15 in Shields
 23753 | D:13     | Found Xeuquray's Tiny Tomes.
 23831 | D:13     | Reached skill level 1 in Translocations
 24451 | D:14     | Noticed a vault guard
 24517 | D:14     | Noticed a vault guard
 24533 | D:14     | Killed a vault guard
 24550 | D:14     | Killed a vault guard
 24551 | D:14     | Reached skill level 5 in Translocations
 24581 | D:14     | Noticed an ogre mage
 24592 | D:14     | Reached skill level 5 in Stealth
 24665 | D:13     | Bought Sif Muna's Meditations on Shifting for 144 gold
                  | pieces
 24669 | D:13     | Learned a level 3 spell: Teleport Other
 24801 | D:14     | Reached skill level 1 in Air Magic
 24902 | D:14     | Noticed a boulder beetle
 24934 | D:14     | Killed a boulder beetle
 24935 | D:14     | Gained mutation: You can hop long distances. [Barachi
                  | growth]
 24935 | D:14     | Reached XP level 13. HP: 93/93 MP: 17/22
 24953 | D:14     | Learned a level 3 spell: Mephitic Cloud
 25446 | D:15     | Entered Level 15 of the Dungeon
 25516 | D:14     | Noticed a vault guard
 26748 | Lair:1   | Reached skill level 5 in Conjurations
 28137 | Lair:2   | Found a staircase to the Swamp.
 28286 | Lair:1   | Reached skill level 5 in Air Magic
 28344 | Lair:2   | Found a gate leading to a gauntlet.
 28351 | Gauntlet | Entered a Gauntlet
 28351 | Gauntlet | Found a transporter.
 28351 | Gauntlet | Found a transporter.
 28351 | Gauntlet | Found a runed translucent gate.
 28352 | Gauntlet | Found a transporter.
 28353 | Gauntlet | Found the ring of Shadows {Umbra +Inv Stlth+}
 28355 | Gauntlet | Found a runed translucent gate.
 28355 | Gauntlet | Found a transporter.
 28356 | Gauntlet | Found a runed translucent gate.
 28358 | Gauntlet | Found a transporter.
 28358 | Gauntlet | Found a transporter.
 28402 | Gauntlet | Found a transporter.
 28406 | Gauntlet | Found a transporter.
 28413 | Gauntlet | Found the +7 mace of Variability {chaos, chaos arc}
 28415 | Gauntlet | Found a transporter.
 28434 | Gauntlet | Found a transporter.
 28451 | Gauntlet | Found a transporter.
 28456 | Gauntlet | Found a transporter.
 28884 | Gauntlet | Reached skill level 1 in Evocations
 29398 | Gauntlet | Identified the ring "Zaddai" {rElec rC+ Str+2}
 29829 | Gauntlet | Noticed a minotaur
 29884 | Gauntlet | Killed a minotaur
 30654 | Lair:2   | Identified a scroll of acquirement {!r}
 30658 | Lair:2   | Acquired 831 gold pieces
 30963 | Lair:2   | Found a staircase to the Snake Pit.
 32047 | Lair:2   | Learned a level 4 spell: Cause Fear
 33531 | Lair:3   | Reached skill level 10 in Hexes
 33531 | Lair:3   | Reached XP level 14. HP: 68/100 MP: 2/24
 35022 | Lair:3   | Identified the +3 leather armour of the Eternal Void
                  | {Dex+3}
 36076 | Lair:4   | Reached skill level 10 in Ice Magic
 37475 | Lair:4   | Reached skill level 5 in Evocations
 37628 | Lair:5   | Entered Level 5 of the Lair of Beasts
 38753 | Lair:5   | Found a staircase to the Slime Pits.
 39686 | Lair:5   | Reached XP level 15. HP: 105/105 MP: 25/28
 41650 | Lair:5   | Reached skill level 10 in Spellcasting
 42803 | Lair:5   | Found a corrupted altar of Lugonu.
 42804 | Lair:5   | Found a one-way gate to the infinite horrors of the Abyss.
 42815 | Lair:5   | Identified the +7 chain mail of Limited Liability {rPois}
 43299 | D:12     | Killed Gastronok
 44054 | D:13     | Bought Sif Muna's Reference Book on Company for 216 gold
                  | pieces
 44060 | D:13     | Learned a level 5 spell: Summon Mana Viper
 44631 | D:15     | Found a shadowy altar of Dithmenos.
 44675 | D:15     | Found Husi's Jewellery Shoppe.
 44760 | D:15     | Reached skill level 5 in Dodging
 44819 | D:15     | Bought a ring of willpower for 450 gold pieces
 44854 | D:15     | Found a staircase to the Depths.
 44969 | D:15     | Found Qiumec's Armour Shoppe.
 44976 | D:15     | Bought a +2 pair of boots of rampaging for 322 gold pieces
 45248 | D:15     | Found Homug's Magic Scroll Shoppe.
 45257 | D:15     | Bought a scroll of identify for 26 gold pieces
 45258 | D:15     | Bought a scroll of identify for 26 gold pieces
 45259 | D:15     | Bought a scroll of blinking for 97 gold pieces
 45259 | D:15     | Bought a scroll of blinking for 97 gold pieces
 45259 | D:15     | Bought a scroll of blinking for 97 gold pieces
 45259 | D:15     | Bought a scroll of teleportation for 39 gold pieces
 45259 | D:15     | Bought a scroll of teleportation for 39 gold pieces
 45324 | D:15     | Found Daeruovi's Weapon Emporium.
 46654 | D:11     | Bought a scroll of enchant armour for 112 gold pieces
 46655 | D:11     | Bought 2 scrolls of blinking for 225 gold pieces
 47727 | Orc:2    | Entered Level 2 of the Orcish Mines
 48211 | Orc:2    | Reached skill level 1 in Armour
 50769 | Orc:2    | Found a staircase to the Elven Halls.
 50973 | Orc:2    | Noticed Rupert
 51073 | Orc:2    | Found Rynun's Antique Armour Boutique.
 51073 | Orc:2    | Found Rit Anyo's Antique Armour Boutique.
 51073 | Orc:2    | Found Syreckod's Distillery.
 51078 | Orc:2    | Found Jerugh's Armour Shop.
 51166 | Orc:2    | Bought the +1 hat of the Butterfly {rPois rN+ Regen+ Dex+2}
                  | for 429 gold pieces
 51178 | Orc:2    | Bought a potion of curing for 36 gold pieces
 51178 | Orc:2    | Bought a potion of heal wounds for 60 gold pieces
 51297 | D:11     | Killed Erica
 51457 | Snake:1  | Entered Level 1 of the Snake Pit
 51464 | Snake:1  | Noticed Azrael
 51527 | Swamp:1  | Entered Level 1 of the Swamp
 51654 | Swamp:1  | Reached XP level 16. HP: 106/115 MP: 22/30
 52127 | Swamp:1  | Noticed Louise
 52315 | Swamp:1  | Reached skill level 15 in Hexes
 52420 | Swamp:1  | Noticed a fenstrider witch
 54219 | D:15     | Bought a twisted ring mail for 360 gold pieces
 54219 | D:15     | Identified the +4 ring mail of Ledosch {Rampage rPois
                  | Dex+3} (You bought it in a shop on level 15 of the Dungeon)
 54532 | Elf:1    | Entered Level 1 of the Elven Halls
 55068 | D:14     | Found a gate to the Vaults.
 55259 | D:14     | Learned a level 7 spell: Enfeeble
 57330 | Elf:1    | Found Xemuric's Antique Weapon Shoppe.
 57459 | Elf:1    | Noticed Kirke
 57899 | Orc:2    | Killed Kirke
 59641 | Elf:1    | Noticed Norris
 61222 | Orc:1    | Reached skill level 5 in Summonings
 61363 | Elf:1    | Killed Norris
 61565 | Elf:1    | Reached skill level 6 in Summonings
 62398 | Elf:1    | Reached XP level 17. HP: 117/122 MP: 24/32
 62470 | Elf:1    | Bought an encrusted spear for 232 gold pieces
 62470 | Elf:1    | Identified the +5 spear "Qyhaipp" {drain, *Noise Will+
                  | rCorr MP+9} (You bought it in a shop on level 1 of the
                  | Elven Halls)
 62470 | Elf:1    | Bought an encrusted sling for 188 gold pieces
 62470 | Elf:1    | Identified the +4 sling of Medusm {freeze, Stlth+} (You
                  | bought it in a shop on level 1 of the Elven Halls)
 62821 | Elf:2    | Paralysed by an air elemental for 1 turns
 62824 | Elf:2    | Paralysed by an air elemental for 1 turns
 63534 | Elf:2    | Reached skill level 10 in Fighting
 63872 | Elf:2    | Found a runed translucent gate.
 63873 | Elf:2    | Found a runed translucent gate.
 63873 | Elf:2    | Found a runed translucent gate.
 63982 | Elf:2    | Found a runed translucent door.
 65516 | Elf:2    | Noticed a deep elf blademaster
 65930 | Elf:2    | Killed a deep elf blademaster
 66453 | Elf:2    | Reached skill level 5 in Armour
 68057 | Elf:3    | Entered Level 3 of the Elven Halls
 68169 | Elf:3    | Noticed a deep elf blademaster
 70243 | Elf:3    | Found Ufuwnem's One-of-a-Kind Rings.
 70599 | Elf:3    | Noticed a deep elf master archer
 70827 | Elf:3    | Killed a deep elf master archer
 70993 | Elf:3    | Identified the +2 scale mail of a ziggurat {rC+ Str+3}
 70993 | Elf:3    | Noticed a deep elf master archer
 71253 | Elf:3    | Killed a deep elf master archer
 71351 | Elf:3    | Reached XP level 18. HP: 136/138 MP: 23/33
 72230 | Elf:3    | Noticed a deep elf master archer
 72243 | Elf:3    | Killed a deep elf master archer
 72905 | Elf:3    | Identified the ring "Qafiof" {rCorr Str+7}
 73410 | Elf:3    | Killed a deep elf blademaster
 74301 | Elf:3    | Noticed a Hell Sentinel
 74514 | Elf:3    | Noticed a deep elf blademaster
 74540 | Elf:3    | Identified the +0 mace "Etex Jeh" {flame, rC++ rN+ Will+}
 74764 | Elf:3    | Noticed a Hell Sentinel
 74839 | Elf:3    | Killed a deep elf blademaster
 75025 | Elf:3    | Noticed a deep elf master archer
 75037 | Elf:3    | Killed a deep elf master archer
 75141 | Elf:3    | Paralysed by an air elemental for 1 turns
 75756 | Elf:3    | Identified the +0 robe of the Sky {rPois rF+}
 75757 | Elf:3    | Glimpsed the power of Zot.
 75891 | Elf:3    | Found the +2 hood of the Assassin {Detect Stab+ Stlth++}
 75939 | Elf:3    | Found the +0 mask of the Dragon {Will+ Slay+3 SInv}
 75943 | Elf:3    | Identified the +4 shortbow of Extermination {drain, Fly
                  | Will+ Stlth+}
 75996 | Elf:3    | Identified the +7 sling of Recklessness {elec, rPois}
 76517 | Snake:1  | Killed Azrael
 76518 | Snake:1  | Reached skill level 10 in Evocations
 77158 | Snake:1  | Noticed Frances
 77336 | Snake:2  | Found a glacial archway.
 77354 | IceCv    | Entered an ice cave
 78171 | IceCv    | Noticed an Ice Fiend
 78220 | IceCv    | Killed an Ice Fiend
 78834 | IceCv    | Got the Tome of Chilblains
 78858 | IceCv    | Learned a level 3 spell: Ozocubu's Armour
 79150 | IceCv    | Identified the +2 pair of gloves of Tortelloni {rPois Will-
                  | rCorr SInv}
 80067 | Snake:2  | Found Ogimpe's Book Emporium.
 80070 | Snake:2  | Found Meorax's Antique Armour Shoppe.
 80094 | Snake:2  | Bought a book of the Moon for 520 gold pieces
 80177 | Lair:2   | Learned a level 4 spell: Passage of Golubria
 80893 | Snake:2  | Reached XP level 19. HP: 118/152 MP: 12/35
 81795 | Snake:3  | Noticed Agnes
 81806 | Snake:3  | Killed Agnes
 81861 | Snake:3  | Found a broken altar of Ashenzari.
 82278 | Snake:3  | Identified the ring "Veihasi" {rElec rF+ Will+ Str+6 Dex+2}
 82367 | Snake:3  | Noticed Nikola
 82388 | Snake:3  | Killed Nikola
 82620 | Snake:3  | Reached skill level 10 in Stealth
 82948 | Snake:4  | Entered Level 4 of the Snake Pit
 85908 | Snake:4  | Got a serpentine rune of Zot
 85948 | Snake:4  | Learned a level 5 spell: Yara's Violent Unravelling
 86117 | Snake:1  | Killed Frances
 86496 | Snake:1  | Found a runed translucent gate.
 86496 | Snake:1  | Found a runed translucent gate.
 86496 | Snake:1  | Found a runed translucent gate.
 86516 | Snake:1  | Noticed Icun's ghost (journeyman GnWr)
 87002 | Snake:1  | Noticed Roxanne
 87136 | Snake:1  | Killed Icun's ghost
 87137 | Snake:1  | Reached skill level 15 in Spellcasting
 87137 | Snake:1  | Reached skill level 1 in Necromancy
 87140 | Snake:1  | Learned a level 2 spell: Sublimation of Blood
 87470 | Snake:1  | Killed Roxanne
 87916 | Swamp:1  | Killed Louise
 88032 | Swamp:1  | Reached XP level 20. HP: 149/159 MP: 31/39
 88203 | Swamp:2  | Reached skill level 5 in Necromancy
 89862 | Swamp:4  | Entered Level 4 of the Swamp
 92173 | Swamp:4  | Identified the +6 shortbow of the Desolation of Salt
                  | {antimagic, rPois rC- Dex+3}
 92201 | Swamp:4  | Got a decaying rune of Zot
 92776 | Orc:2    | Killed Rupert
 92844 | D:10     | Bought a scroll of teleportation for 33 gold pieces
 92844 | D:10     | Bought a potion of haste for 110 gold pieces
 92847 | D:10     | Bought a scroll of blinking for 105 gold pieces
 92954 | Vaults:1 | Entered Level 1 of the Vaults
 93347 | Vaults:1 | Found Adek's General Store.
 93579 | Vaults:1 | Learned a level 3 spell: Passwall
 93616 | Vaults:1 | Reached skill level 1 in Earth Magic
 95174 | Vaults:2 | Reached XP level 21. HP: 156/165 MP: 34/41
 96131 | Vaults:2 | Found a staircase to the Crypt.
 97216 | Vaults:2 | Noticed Zenata
 97264 | Vaults:2 | Killed Zenata
 99401 | Vaults:3 | Found a runed translucent gate.
 99401 | Vaults:3 | Found a runed translucent gate.
 99401 | Vaults:3 | Found a runed translucent gate.
 99401 | Vaults:3 | Noticed DizzySkin's ghost (veteran MiBe)
 99406 | Vaults:3 | Identified the +5 war axe "Gahin" {freeze, rPois rF+}
 99462 | Vaults:3 | Identified the +1 scale mail of Sunlight {rF+}
 99782 | Vaults:3 | Reached skill level 15 in Stealth
100298 | Vaults:4 | Reached XP level 22. HP: 172/172 MP: 42/42
100768 | Vaults:4 | Identified the ring "Poxoadd" {Ice Str+2 Int+3 Slay-2}
101012 | Vaults:4 | Reached skill level 15 in Short Blades
102521 | Vaults:4 | Reached skill level 7 in Summonings
102863 | Depths:1 | Entered Level 1 of the Depths
103278 | Depths:1 | Reached skill level 8 in Summonings
103526 | Depths:1 | Found a gateway to Hell.
103692 | Depths:1 | Reached skill level 9 in Summonings
104359 | D:15     | Reached skill level 10 in Summonings
104970 | Vaults:2 | Learned a level 6 spell: Summon Cactus Giant
105587 | Depths:1 | Identified the +8 orcbow "Ohuac" {freeze, rF- Will+++
                  | Str+6}
105660 | Depths:1 | You fall into a shaft and drop 1 floor!
105670 | Depths:2 | Found a flickering gateway to a bazaar.
105903 | Hell     | Entered the Vestibule of Hell
105903 | Hell     | Noticed Geryon
105921 | Hell     | Killed Geryon
105922 | Hell     | Reached skill level 11 in Summonings
106191 | Depths:2 | Found a one-way gate leading to the halls of Pandemonium.
106273 | Bazaar   | Entered a bazaar
106273 | Bazaar   | Found Vietaopn's Assorted Antiques.
106273 | Bazaar   | Found Zeaxkebre's Armour Boutique.
106273 | Bazaar   | Found Ulimaeh's Weapon Boutique.
106273 | Bazaar   | Found Xaoherus's Weapon Boutique.
106273 | Bazaar   | Found Opriak's Magic Scroll Shop.
106309 | Bazaar   | Bought a scroll of fear for 84 gold pieces
106309 | Bazaar   | Bought a potion of curing for 63 gold pieces
106309 | Bazaar   | Bought a small silver ring for 105 gold pieces
106313 | Bazaar   | Bought a scroll of fog for 68 gold pieces
106313 | Bazaar   | Bought a scroll of amnesia for 68 gold pieces
107746 | Depths:3 | Noticed the Enchantress
107984 | Depths:3 | Noticed Boris
108221 | D:10     | Bought the +4 skin of Zhor {*Englaciate rC+++ SInv} for
                  | 2327 gold pieces
108221 | D:10     | Found the +4 skin of Zhor {*Englaciate rC+++ SInv}
108243 | D:10     | Gained mutation: You occasionally shout uncontrollably at
                  | your foes. [mutagenic glow]
108374 | D:15     | Lost mutation: You occasionally shout uncontrollably at
                  | your foes. [potion of mutation]
108374 | D:15     | Gained mutation: You have hidden genetic potential. [potion
                  | of mutation]
108374 | D:15     | Gained mutation: You are robust. (+10% HP) [potion of
                  | mutation]
108374 | D:15     | Gained mutation: Your muscles are strong. (Str +4, Int/Dex
                  | -1) [potion of mutation]
108762 | Depths:3 | Killed Boris
108868 | Depths:3 | Found a one-way gateway to a ziggurat.
108897 | Depths:3 | Killed the Enchantress
109191 | Depths:3 | Reached XP level 23. HP: 159/195 MP: 11/43
109772 | Depths:3 | Noticed Jory
110965 | Depths:4 | Entered Level 4 of the Depths
110994 | Depths:4 | Noticed a caustic shrike
110994 | Depths:4 | Noticed a caustic shrike
111632 | Depths:3 | Killed Jory
111803 | Depths:4 | Noticed Grunn
112936 | Depths:4 | Killed Grunn
113494 | Depths:4 | Identified the +6 great sword "Vudekys" {vamp, rN+}
113531 | Depths:4 | Reached skill level 12 in Summonings
113649 | Depths:4 | Noticed a golden dragon
113771 | Depths:4 | Killed a golden dragon
114361 | Depths:3 | Reached skill level 13 in Summonings
114383 | Depths:3 | Bought the Unrestrained Analects for 880 gold pieces
114964 | Depths:4 | Noticed a golden dragon
115930 | Depths:4 | Killed a golden dragon
116294 | Depths:4 | Noticed a golden dragon
116423 | Depths:4 | Killed a golden dragon
116651 | Depths:4 | Gained mutation: You are very robust. (+20% HP) [hidden
                  | potential]
116751 | Depths:4 | Found a gate to the Realm of Zot.
116801 | Depths:4 | Identified the +7 chain mail of the Kettle-Drum {Str-3
                  | Dex+9}
116856 | Depths:4 | Noticed a golden dragon
117485 | Depths:4 | Identified the +5 rapier "Kaaqe" {freeze, rElec rC++ Str+2}
117844 | Depths:4 | Acquired 498 gold pieces
118444 | Depths:4 | Noticed a golden dragon
118460 | Depths:4 | Reached XP level 24. HP: 188/190 MP: 44/44
118654 | Depths:4 | Noticed a caustic shrike
118664 | Depths:4 | Noticed a caustic shrike
118675 | Depths:4 | Killed a caustic shrike
118745 | Depths:3 | Killed a caustic shrike
118885 | Depths:4 | Killed a caustic shrike
119485 | Crypt:1  | Entered Level 1 of the Crypt
119891 | Vaults:3 | Killed DizzySkin's ghost
120237 | Slime:1  | Entered Level 1 of the Pits of Slime
120465 | Slime:1  | Paralysed by a formless jellyfish for 1 turns
120480 | Lair:5   | Paralysed by a formless jellyfish for 1 turns
120889 | Lair:5   | Paralysed by a formless jellyfish for 1 turns
120899 | Lair:5   | Paralysed by a formless jellyfish for 1 turns
121773 | Depths:2 | Learned a level 8 spell: Discord
122082 | Vaults:5 | Entered Level 5 of the Vaults
123187 | Vaults:5 | Identified the +7 sling of the Blowfly {drain, rC- Int+4}
123953 | Vaults:5 | Gained mutation: Your skin changes colour to match your
                  | surroundings (Stealth+). [hidden potential]
123953 | Vaults:5 | Lost mutation: You have hidden genetic potential. [hidden
                  | potential expressed]
124127 | Vaults:5 | Identified the +9 plate armour of Calculation {rElec Str+2
                  | Slay-3}
124137 | Vaults:5 | Identified the +4 executioner's axe of the Shining Light
                  | {protect, rC+ rN++ Stlth-}
124766 | Vaults:5 | Got a silver rune of Zot
125512 | Vaults:5 | Identified the +3 falchion of the Sun {freeze, Int+3 SInv}
125680 | Vaults:4 | Reached XP level 25. HP: 230/230 MP: 24/46
126027 | Vaults:5 | Noticed a dread lich
126243 | Vaults:5 | Noticed an ancient lich
126247 | Vaults:5 | Killed an ancient lich
126331 | Vaults:5 | Reached skill level 15 in Fighting
126368 | Vaults:5 | Identified the +7 dagger of Dismemberment {heavy, +Blink
                  | Int+3 Dex+6}
126368 | Vaults:5 | Identified the ring of Esidolaku {+Blink rN+ rCorr Int+2
                  | Slay+2}
127318 | Vaults:5 | Killed a dread lich
127319 | Vaults:5 | Reached skill level 14 in Summonings
127992 | Vaults:5 | Identified the +6 short sword of Fedhas's Wrath {flame,
                  | rElec rPois Str-5 Int+7}
128730 | D:14     | Bought a shiny orb for 372 gold pieces
128927 | Zot:1    | Entered Level 1 of the Realm of Zot
129604 | Zot:1    | Noticed an orb of fire
129611 | Zot:1    | Gained mutation: Armour fits poorly on your strangely
                  | shaped body. [an orb of fire]
129670 | Zot:1    | Gained mutation: You occasionally lose the ability to drink
                  | potions when taking damage. [an orb of fire]
129690 | Zot:1    | Killed an orb of fire
129691 | Zot:1    | Reached skill level 15 in Summonings
129997 | Zot:1    | Noticed a Killer Klown
130020 | Zot:1    | Noticed a Killer Klown
130228 | D:14     | Bought the ring "Geime" {^Contam rF++ Will+ Str+3 Int+3}
                  | for 1356 gold pieces
131604 | Zot:1    | Noticed a Killer Klown
131622 | Zot:1    | Killed a Killer Klown
131714 | Zot:1    | Reached skill level 10 in Necromancy
131882 | Zot:1    | Noticed an ancient lich
131900 | Zot:1    | Killed an ancient lich
132278 | Zot:1    | Noticed a Killer Klown
132312 | Zot:1    | Killed a Killer Klown
132681 | Zot:1    | Killed a Killer Klown
133102 | Zot:1    | Killed a Killer Klown
133103 | Zot:1    | Reached skill level 16 in Summonings
133371 | D:11     | Bought a scroll of amnesia for 60 gold pieces
133380 | D:11     | Learned a level 7 spell: Haunt
134073 | Zot:2    | Noticed an orb of fire
134075 | Zot:2    | Gained mutation: You are vulnerable to cold. (rC-) [an orb
                  | of fire]
134374 | Zot:2    | Killed an orb of fire
135015 | Zot:2    | Reached skill level 17 in Summonings
135138 | Zot:2    | Identified the +0 scale mail of the Last Leylines {Regen+}
135689 | Zot:2    | Reached XP level 26. HP: 218/241 MP: 8/46
135787 | Zot:2    | Reached skill level 18 in Summonings
136255 | Zot:2    | Learned a level 3 spell: Swiftness
137154 | Zot:3    | Identified the +1 leather armour "Korychot" {MP+9 Str+2
                  | Slay+2}
138759 | Zot:3    | Noticed a Killer Klown
138924 | Zot:3    | Reached skill level 19 in Summonings
138990 | Zot:3    | Killed a Killer Klown
140582 | Zot:4    | Found the sphere of Battle
140624 | Zot:4    | Reached skill level 20 in Summonings
141707 | Zot:4    | Reached skill level 21 in Summonings
142466 | Zot:4    | Found a runed translucent gate.
142466 | Zot:4    | Found a runed translucent gate.
142467 | Zot:4    | Found a runed translucent gate.
142468 | Zot:4    | Noticed Netemen's ghost (master GnFi)
142469 | Zot:4    | Noticed Onuaffedgh's ghost (master HOMo)
142470 | Zot:4    | Noticed Foery's ghost (veteran MiMo)
142761 | Zot:4    | Noticed an orb of fire
142804 | Zot:5    | Entered Level 5 of the Realm of Zot
142810 | Zot:5    | Found a sparkling altar of Nemelex Xobeh.
143133 | Zot:4    | Killed Foery's ghost
143291 | Zot:4    | Killed Onuaffedgh's ghost
143445 | Zot:4    | Identified the ring "Juse" {Will++ MP+9}
144958 | Zot:4    | Killed Netemen's ghost
144959 | Zot:4    | Reached skill level 22 in Summonings
145751 | Zot:5    | Found a transporter.
145757 | Zot:5    | Found a transporter.
145847 | Zot:5    | Found a transporter.
145854 | Zot:5    | Noticed an ancient lich
145855 | Zot:5    | Noticed a dread lich
146033 | Zot:5    | Found a transporter.
146095 | Zot:5    | Found a blossoming altar of Fedhas.
146294 | Zot:4    | Reached XP level 27. HP: 194/248 MP: 33/47
146494 | Zot:5    | Lost mutation: Your muscles are strong. (Str +4, Int/Dex
                  | -1) [mutagenic glow]
146506 | Zot:5    | Gained mutation: You are vulnerable to heat. (rF-)
                  | [mutagenic glow]
146796 | Zot:5    | Found a transporter.
146807 | Zot:5    | Found a transporter.
146814 | Zot:5    | Found a transporter.
146819 | Zot:5    | Found a sparkling altar of Nemelex Xobeh.
146821 | Zot:5    | Noticed an orb of fire
146824 | Zot:5    | Noticed a dread lich
146953 | Zot:5    | Noticed an ancient lich
147012 | Zot:3    | Lost mutation: You occasionally lose the ability to drink
                  | potions when taking damage. [potion of mutation]
147012 | Zot:3    | Lost mutation: You are very robust. (+20% HP) [potion of
                  | mutation]
147012 | Zot:3    | Lost mutation: You are vulnerable to heat. (rF-) [potion of
                  | mutation]
147012 | Zot:3    | Gained mutation: Your health recovers twice as slowly from
                  | being drained. [potion of mutation]
147012 | Zot:3    | Gained mutation: Your spells are a little easier to cast,
                  | but a little less powerful. [potion of mutation]
147012 | Zot:3    | Gained mutation: You are partially covered in iridescent
                  | scales. (AC +2) [potion of mutation]
147384 | D:10     | Bought a scroll of amnesia for 56 gold pieces
147395 | D:10     | Learned a level 9 spell: Dragon's Call
147904 | Zot:5    | Noticed an orb of fire
147922 | Zot:5    | Killed an orb of fire
147951 | Zot:5    | Killed an ancient lich
147965 | Zot:5    | Noticed an ancient lich
147970 | Zot:5    | Killed an ancient lich
147971 | Zot:5    | Reached skill level 23 in Summonings
148267 | Zot:5    | Killed an ancient lich
148284 | Zot:5    | Killed a dread lich
148285 | Zot:5    | Noticed an ancient lich
148479 | Zot:5    | Killed an orb of fire
148479 | Zot:5    | Noticed an ancient lich
148487 | Zot:5    | Killed an ancient lich
148794 | Zot:5    | Killed an ancient lich
149058 | Zot:5    | Found a blossoming altar of Fedhas.
149087 | Zot:5    | Killed a dread lich
149088 | Zot:5    | Reached skill level 24 in Summonings
150362 | Zot:5    | Noticed a dread lich
150369 | Zot:5    | Noticed an orb of fire
150382 | Zot:5    | Reached skill level 25 in Summonings
150387 | Zot:5    | Killed an orb of fire
150747 | Zot:5    | Killed a dread lich
151398 | Zot:5    | Reached skill level 26 in Summonings
152021 | Zot:5    | Noticed a dread lich
152024 | Zot:5    | Noticed a dread lich
152055 | Zot:5    | Killed a dread lich
152084 | Zot:5    | Killed a dread lich
152912 | Zot:5    | Found a transporter.
153013 | Zot:5    | Found a sparkling altar of Nemelex Xobeh.
153030 | Zot:5    | Found a transporter.
153046 | Zot:5    | Found a transporter.
153244 | Zot:5    | Found a blossoming altar of Fedhas.
153363 | Zot:5    | Found a transporter.
153446 | Zot:5    | Got the Orb of Zot
153804 | Depths:1 | Noticed Laatz the pandemonium lord
153902 | D:12     | Noticed Vuirawky the pandemonium lord
154180 | D:2      | Noticed Waicaeqe the pandemonium lord
154281 | D:$      | Escaped with the Orb!

Illustrated notes

Levels and vault maps discovered:
D:1:      dpeg_arrival_prison, layout_loops_corners, nicolae_nh_oracle_at_delphi
D:2:      layout_loops_cross
D:3:      layout_basic, serial_shops, nicolae_shop_rolling_square, uniq_robin
D:4:      layout_basic
D:5:      layout_basic, uniq_edmund, uniq_eustachio, uniq_ijyb
D:6:      layout_basic, minmay_temple_entry_tees
D:7:      layout_loops_ring, lemuel_coloured_pillars_altar, enter_ossuary_1
D:8:      layout_basic
D:9:      layout_basic
D:10:     layout_basic, zombieorc2_lemuel, uniq_urug
D:11:     layout_roguey, lair_entry_dummy, serial_bayou_lake_a, uniq_erica
D:12:     layout_small_grid, uniq_gastronok
D:13:     layout_basic, nicolae_shop_i_like_small_books_too
D:14:     layout_loops_ring, grunt_vaults_entry_fortified
D:15:     hangedman_depths_entry_try_elsewhere_first, layout_stronghold,
          minmay_misc_feat_encased, serial_shops, shop_fountains, shop,
          shop_fountains, nicolae_shop_gibbet_a_chance,
          nicolae_dithmenos_through_a_glass_darkly
Temple:   mainiacjoe_temple_circle_huts
Lair:1:   layout_small_grid, st_stairs_11
Lair:2:   layout_regular_city, swamp_mist, guppyfry_snake_entry_island,
          gauntlet_entry_generic
Lair:3:   layout_chaotic_city, dreamdust_wasp_nest, infiniplex_staircase_pool
Lair:4:   layout_concentric_octagons, st_stairs_6, minivault_24,
          dpeg_stationary_puzzle
Lair:5:   hellmonk_lair_end_abyssal_woods, layout_gridlike, slime_entry_1,
          serial_bayou_pond_b
Swamp:1:  nicolae_swamp_standing_stones, layout_basic_swamp,
          hangedman_swamp_lotus, uniq_louise
Swamp:2:  layout_basic_swamp, hangedman_swamp_pad
Swamp:3:  layout_basic_swamp, evilmike_swamp_ruin_house_5
Swamp:4:  grunt_swamp_rune_castle, layout_basic_swamp, swamp_pool_5
Snake:1:  layout_honeycomb, ebering_ghost_rock_garden, serial_bayou_pond_d,
          lemuel_fruit_tree, uniq_azrael, uniq_roxanne, uniq_frances
Snake:2:  layout_onion, portal_ice_cave_entry_pillars_four, st_stairs_8,
          minmay_shoptagon
Snake:3:  layout_cave_town, basic_altar, serial_bayou_shore_a, uniq_agnes,
          uniq_nikola
Snake:4:  johnstein_snake_rune_scales, layout_cave_town
Slime:1:  cheibrodos_slime_lost_civilization_9, layout_caves, special_room
          [special_room_jelly], nicolae_slime_getting_an_eyeful
Orc:1:    layout_caves
Orc:2:    st_orc_mages, layout_caves, uniq_rupert
Elf:1:    layout_gridlike, serial_shops, shop, nicolae_elf_blasts_and_bolts,
          minivault_16, hex_large, minmay_misc_feat_ornament,
          hangedman_elf_power_crystal, uniq_norris, uniq_kirke
Elf:2:    nicolae_elf_blades_crystal_corner, layout_rooms, hangedman_aerie_drop
Elf:3:    minmay_elf_hall_hex, layout_gridlike, nicolae_shop_unique_rings
Vaults:1: nicolae_vaults_more_shelving_1, grunt_vaults_focal,
          vaults_mumra_chevron_long, v_misc_29, v_misc_1,
          nicolae_vaults_yaktaur_gun_rack, hangedman_vaults_restitches,
          hangedman_vaults_nails, v_misc_16, nicolae_vaults_rhombus_6,
          v_misc_17, vaults_dpeg_doors, nicolae_vaults_trapezoid_1,
          layout_vaults_maze_snakey, serial_shops, shop
Vaults:2: v_misc_3, nicolae_vaults_trapezoid_lopsided_1, v_pattern_2,
          minmay_crypt_entry_simple_plaza, vaults_room_door_hall,
          nicolae_vaults_sealed_display, ontoclasm_vaults_eye,
          ontoclasm_vaults_ring_small, nicolae_vaults_apartment_1,
          layout_vaults_omnicross, uniq_zenata
Vaults:3: ebering_ghost_rock_garden, vaults_mumra_minichess_inversion,
          nicolae_vaults_bisected_exclaves, nicolae_vaults_double_plus_3,
          nicolae_vaults_hexular_roomagon, nicolae_vaults_three_branches,
          nicolae_vaults_six-pack, v_misc_9, nicolae_vaults_shrinking_rooms_1,
          vaults_room_pool, nicolae_vaults_shelves_hall,
          nicolae_vaults_trapezoid_lopsided_4, vaults_room_hangedman_quadrants,
          grunt_vaults_hallway_short, layout_vaults_omnibox
Vaults:4: vaults_dpeg_cross, ontoclasm_vaults_bender, hangedman_vaults_stitches,
          nicolae_vaults_what_the_h, nicolae_vaults_closet_pinwheel_5,
          nicolae_vaults_hallways_thing, v_rooms_5,
          nicolae_vaults_more_shelving_2, nicolae_vaults_little_guard_posts,
          nicolae_vaults_diagonal_hallway_7, vaults_dpeg_encased_lava,
          nicolae_vaults_house_1, layout_vaults_omnigrid
Vaults:5
Crypt:1:  layout_basic, nicolae_crypt_lurching_hallway
Depths:1: layout_cave_pools, hell_entry, minmay_misc_feat_square,
          nicolae_figureground_sparkle
Depths:2: nicolae_moon_pools, layout_gridville, grunt_pan_entry_zigzag,
          pf_hell_entry_great_geh, serial_shops, bzr_entry_lakeside,
          minivault_11
Depths:3: minmay_glassy_protrusions, layout_gridville, enter_ziggurat_e,
          hell_entry, abyss_entry, pan_entry, minmay_misc_feat_alley, uniq_jory,
          uniq_boris, uniq_enchantress
Depths:4: lemuel_castle_with_subvaults [lemuel_castle_interior_carwin_2],
          layout_cave_shapes, hell_entry, hex_tiny, uniq_grunn
Hell
Zot:1:    ebering_klown_carousel, layout_twisted_circle, skrybe_zot_glass_1,
          drop_trap, zot_minivault_1
Zot:2:    layout_misc_corridors, st_large_dragon_hoard_4
Zot:3:    layout_basic, hangedman_zot_diagonal_lockstep
Zot:4:    layout_misc_corridors, regret_index_zotdec_barnacled_simple,
          gammafunk_ghost_cemetery
Zot:5:    layout_basic, st_stairs_2, hangedman_feature_mirror,
          lemuel_baited_zot_trap, nicolae_transporter_intersection

Skill      XL: |  1  2  3  4  5  6  7  8  9 10 11 12 13 14 15 16 17 18 19 20 21 22 23 24 25 26 27 |
---------------+----------------------------------------------------------------------------------+-----
Fighting       | 4 5 6 7 8 11 14 15 | 15.0
Short Blades   | 3 4 8 10 12 14 15 | 15.9
Ice Magic      | 1 3 4 5 6 8 9 10 | 10.0
Hexes          | 1 2 4 5 6 10 12 14 17 18 20 22 | 22.0
Summonings     | 2 3 4 6 11 13 17 22 26 | 26.7
Spellcasting   | 2 4 5 6 7 9 10 11 12 15 16 17 19 20 | 20.0
Conjurations   | 1 2 3 5 |  5.0
Dodging        | 3 5 8 |  8.0
Shields        | 5 9 12 14 15 | 15.0
Translocations | 5 7 |  7.0
Stealth        | 5 8 10 11 15 16 17 | 17.0
Air Magic      | 2 5 6 |  6.0
Alchemy        | 2 |  2.0
Evocations     | 2 7 9 10 | 10.0
Armour         | 2 4 8 9 |  9.0
Necromancy     | 4 7 12 | 12.0
Earth Magic    | 4 |  4.0

Action                     |  1- 3 |  4- 6 |  7- 9 | 10-12 | 13-15 | 16-18 | 19-21 | 22-24 | 25-27 || total
---------------------------+-------+-------+-------+-------+-------+-------+-------+-------+-------++-------
  Melee: Short sword       |   193 |       |       |       |       |    48 |       |       |       ||   241
         Dagger            |    35 |   307 |   137 |   571 |  1674 |  1317 |  2306 |  2270 |  1085 ||  9702
         Punch             |       |     6 |       |     2 |       |       |       |       |       ||     8
         Staff             |       |       |       |       |    25 |     4 |       |       |    22 ||    51
         Spear             |       |       |       |       |       |    17 |       |       |       ||    17
   Fire: Sling             |       |       |       |       |       |     1 |       |       |       ||     1
  Throw: Stone             |       |     8 |       |       |       |       |       |       |       ||     8
         Dart              |       |       |     4 |       |    49 |     8 |     3 |       |     2 ||    66
         Throwing net      |       |       |       |       |       |       |       |       |     1 ||     1
   Cast: Ensorcelled Hiber |       |    16 |    32 |   129 |   370 |    41 |    94 |    19 |       ||   701
         Summon Ice Beast  |       |     2 |    68 |   171 |   126 |    43 |     1 |       |       ||   411
         Hailstorm         |       |       |    11 |    10 |    20 |     4 |       |     1 |       ||    46
         Sigil of Binding  |       |       |     3 |     2 |     1 |     7 |     2 |     1 |     4 ||    20
         Slow              |       |       |       |    12 |    10 |       |       |       |       ||    22
         Confusing Touch   |       |       |       |     1 |     4 |     1 |       |     1 |       ||     7
         Mephitic Cloud    |       |       |       |       |    64 |    48 |    40 |    34 |       ||   186
         Cause Fear        |       |       |       |       |    20 |     5 |     1 |       |       ||    26
         Teleport Other    |       |       |       |       |     9 |       |       |       |       ||     9
         Summon Mana Viper |       |       |       |       |    46 |   266 |   121 |   122 |    86 ||   641
         Enfeeble          |       |       |       |       |       |   158 |   182 |   403 |   273 ||  1016
         Ozocubu's Armour  |       |       |       |       |       |    10 |    66 |    47 |     3 ||   126
         Passage of Golubr |       |       |       |       |       |     3 |     6 |    18 |    25 ||    52
         Yara's Violent Un |       |       |       |       |       |       |     7 |     8 |    12 ||    27
         Sublimation of Bl |       |       |       |       |       |       |    36 |    49 |    71 ||   156
         Summon Cactus Gia |       |       |       |       |       |       |       |    34 |    53 ||    87
         Discord           |       |       |       |       |       |       |       |     4 |    15 ||    19
         Haunt             |       |       |       |       |       |       |       |       |   117 ||   117
         Swiftness         |       |       |       |       |       |       |       |       |    11 ||    11
         Dragon's Call     |       |       |       |       |       |       |       |       |    13 ||    13
 Invoke: Potion Petition   |       |       |       |       |     1 |     2 |       |       |       ||     3
         Call Merchant     |       |       |       |       |     2 |     2 |     2 |     1 |     2 ||     9
Ability: Hop               |     1 |       |     6 |    16 |    39 |    37 |    17 |    34 |    30 ||   180
         End Transformatio |       |       |       |       |     1 |       |       |       |       ||     1
         Evoke Invisibilit |       |       |       |       |     2 |     2 |       |       |       ||     4
         Evoke Blink       |       |       |       |       |       |       |       |       |     6 ||     6
  Evoke: Wand              |     2 |       |       |     4 |     9 |    18 |     1 |     3 |     8 ||    45
         Box of beasts     |       |       |       |       |       |       |       |       |     1 ||     1
         Lightning rod     |       |       |       |       |       |       |       |       |     1 ||     1
         Phantom mirror    |       |       |       |       |       |       |       |       |     1 ||     1
         Phial of floods   |       |       |       |       |       |       |       |       |     1 ||     1
    Use: Scroll            |     4 |     3 |     5 |    12 |    15 |    17 |     3 |     5 |    18 ||    82
         Potion            |       |       |       |     6 |     5 |     3 |     3 |     5 |    22 ||    44
   Stab: Sleeping          |     8 |    13 |    11 |    51 |   219 |    46 |   126 |    41 |    50 ||   565
         Distracted        |       |     1 |     1 |    10 |     9 |    14 |    25 |    23 |    17 ||   100
         Confused          |       |       |       |     1 |    31 |    24 |    48 |    26 |       ||   130
         Invisible         |       |       |       |       |     8 |    49 |   113 |   256 |   164 ||   590
 Armour: Leather armour    |   115 |    24 |       |       |       |       |       |       |       ||   139
         Robe              |       |   133 |    81 |   315 |   580 |   622 |   631 |   154 |       ||  2516
         Skin              |       |       |       |       |    27 |       |       |       |       ||    27
         Animal skin       |       |       |       |       |       |       |       |   570 |   544 ||  1114
  Dodge: Dodged            |   168 |   163 |   112 |   184 |   496 |   307 |   447 |   427 |   348 ||  2652
  Block: Other             |       |       |       |    34 |       |       |       |       |       ||    34
         Kite shield       |       |       |       |    66 |   928 |  1024 |  1467 |  1246 |   781 ||  5512
         Tower shield      |       |       |       |   174 |   944 |       |       |       |       ||  1118
         Reflection        |       |       |       |    21 |    47 |    85 |    85 |    52 |    12 ||   302
